TOP OF THE 1ST |
Cedar Rapids Cardinals batting - Pitching for Clinton Pilots : LHP Bob Patterson
|
Pitching: LHP Bob Patterson
|
|
Batting: RHB Reggie D Williams
|
0-0: Called Strike 0-1: Ball 1-1: Swinging Strike 1-2: Ground out 6-3 (Groundball, 6, EV 79.4 MPH)
|
Batting: SHB Bryan Hoppie
|
0-0: Foul Ball, location: 2F 0-1: Swinging Strike 0-2: Foul Ball, location: 2F 0-2: Ball 1-2: Foul Ball, location: 2F 1-2: Strikes out swinging
|
Batting: RHB Nehames Bernstine
|
0-0: Foul Ball, location: 2F 0-1: Swinging Strike 0-2: Foul Ball, location: 2F 0-2: Ground out 6-3 (Groundball, P, EV 88.8 MPH)
|
Top of the 1st over - 0 runs, 0 hits, 0 errors, 0 left on base; Cedar Rapids 0 - Clinton 0 |
BOTTOM OF THE 1ST |
Clinton Pilots batting - Pitching for Cedar Rapids Cardinals : RHP Craig Chamberlain
|
Pitching: RHP Craig Chamberlain
|
|
Batting: RHB Danny Chairez
|
0-0: Ball 1-0: Ball 2-0: Fly out, F7 (Flyball, 7LS, EV 94.4 MPH)
|
Batting: RHB Tom Riley
|
0-0: Ball 1-0: Foul Ball, location: 2F 1-1: Ball 2-1: Foul Ball, location: 2F 2-2: Foul Ball, location: 2F 2-2: Foul Ball, location: 2F 2-2: Foul Ball, location: 2F 2-2: SINGLE (Line Drive, 78S, EV 102.5 MPH)
|
Batting: SHB Alan Regier
|
0-0: Ground out 5-3 (Groundball, 15, EV 88.8 MPH) Tom Riley to second
|
Batting: RHB Abe Rael
|
0-0: Called Strike 0-1: Foul Ball, location: 2F 0-2: Ground out 4-3 (Groundball, 4, EV 83.8 MPH)
|
Bottom of the 1st over - 0 runs, 1 hit, 0 errors, 1 left on base; Cedar Rapids 0 - Clinton 0 |
TOP OF THE 2ND |
Cedar Rapids Cardinals batting - Pitching for Clinton Pilots : LHP Bob Patterson
|
Batting: RHB Ronald Grout
|
0-0: Called Strike 0-1: Swinging Strike 0-2: Foul Ball, location: 2F 0-2: Ball 1-2: Ground out 6-3 (Groundball, 6, EV 88.8 MPH)
|
Batting: SHB Steve McAllister
|
0-0: Ball 1-0: Foul Ball, location: 2F 1-1: Called Strike 1-2: Ball 2-2: Ball 3-2: Foul Ball, location: 2F 3-2: Base on Balls
|
Batting: RHB Dean Kornacker
|
0-0: Called Strike 0-1: Ball 1-1: SINGLE (Line Drive, 34, EV 109.4 MPH) Steve McAllister to second
|
Batting: LHB Robert O'Leath
|
0-0: Called Strike 0-1: Ball 1-1: Ball 2-1: Ball 3-1: Foul Ball, location: 2F 3-2: SINGLE (Groundball, 4MD, EV 102.5 MPH) Steve McAllister to third Dean Kornacker to second Runner from 3rd tries for Home, SAFE, throw by CF to home
|
Batting: RHB Paul Bard
|
0-0: Ball 1-0: Called Strike 1-1: Swinging Strike 1-2: Strikes out swinging
|
Batting: SHB Duane Johnson
|
0-0: Foul Ball, location: 2F 0-1: Ball 1-1: Foul Ball, location: 2F 1-2: Strikes out looking
|
Top of the 2nd over - 1 run, 2 hits, 0 errors, 2 left on base; Cedar Rapids 1 - Clinton 0 |
BOTTOM OF THE 2ND |
Clinton Pilots batting - Pitching for Cedar Rapids Cardinals : RHP Craig Chamberlain
|
Batting: RHB Joseph Rietano
|
0-0: Ball 1-0: Called Strike 1-1: Ball 2-1: Swinging Strike 2-2: SOLO HOME RUN (Flyball, 7D, EV 103.8 MPH), Distance : 386 ft
|
Batting: RHB Alberto Reyes
|
0-0: Called Strike 0-1: Fly out, F4 (Popup, 4, EV 53.1 MPH)
|
Batting: RHB Barry Siebert
|
0-0: Foul Ball, location: 2F 0-1: SINGLE (Groundball, 6MD, EV 95.0 MPH)
|
Batting: LHB Epifano Martinez
|
0-0: Ball 1-0: Called Strike 1-1: Ball 2-1: Ball 3-1: Foul Ball, location: 2F 3-2: Base on Balls Barry Siebert to second
|
Batting: RHB Donn Koch
|
0-0: Ball 1-0: Ball 2-0: Called Strike 2-1: Fly out, F4 (Popup, 4MD, EV 50.6 MPH)
|
Batting: RHB Danny Chairez
|
0-0: Foul Ball, location: 2F 0-1: Ground out 3-1 (Groundball, 34S, EV 93.8 MPH)
|
Bottom of the 2nd over - 1 run, 2 hits, 0 errors, 2 left on base; Cedar Rapids 1 - Clinton 1 |
TOP OF THE 3RD |
Cedar Rapids Cardinals batting - Pitching for Clinton Pilots : LHP Bob Patterson
|
Batting: RHB Reggie D Williams
|
0-0: Ball 1-0: Ball 2-0: Foul Ball, location: 2F 2-1: Foul Ball, location: 2F 2-2: Strikes out looking
|
Batting: SHB Bryan Hoppie
|
0-0: Ball 1-0: Called Strike 1-1: Ball 2-1: SINGLE (Groundball, 34D, EV 95.0 MPH)
|
Batting: RHB Nehames Bernstine
|
0-0: Ball 1-0: Ball Bryan Hoppie is caught stealing 2nd base 2-4 2-0: Swinging Strike 2-1: Ball 3-1: Foul Ball, location: 2F 3-2: Foul Ball, location: 2F 3-2: SINGLE (Flyball, 8RS, EV 100.6 MPH)
|
Batting: RHB Ronald Grout
|
0-0: Called Strike 0-1: Ball 1-1: Ball 2-1: Foul Ball, location: 2F 2-2: Strikes out swinging
|
Top of the 3rd over - 0 runs, 2 hits, 0 errors, 1 left on base; Cedar Rapids 1 - Clinton 1 |
BOTTOM OF THE 3RD |
Clinton Pilots batting - Pitching for Cedar Rapids Cardinals : RHP Craig Chamberlain
|
Batting: RHB Tom Riley
|
0-0: Ball 1-0: Foul Ball, location: 2F 1-1: Ball 2-1: Ground out U3 (Groundball, 34S, EV 88.1 MPH)
|
Batting: SHB Alan Regier
|
0-0: Called Strike 0-1: Ball 1-1: Ground out 5-3 (Groundball, 56, EV 110.6 MPH)
|
Batting: RHB Abe Rael
|
0-0: Ground out 5-3 (Groundball, 56S, EV 92.5 MPH)
|
Bottom of the 3rd over - 0 runs, 0 hits, 0 errors, 0 left on base; Cedar Rapids 1 - Clinton 1 |
TOP OF THE 4TH |
Cedar Rapids Cardinals batting - Pitching for Clinton Pilots : LHP Bob Patterson
|
Batting: SHB Steve McAllister
|
0-0: SINGLE (Line Drive, 4MD, EV 100.6 MPH)
|
Batting: RHB Dean Kornacker
|
0-0: Ball 1-0: Swinging Strike 1-1: Grounds into double play, 4-6-3 (Groundball, 4, EV 101.3 MPH)
|
Batting: LHB Robert O'Leath
|
0-0: SINGLE (Line Drive, 8LS, EV 94.4 MPH)
|
Batting: RHB Paul Bard
|
0-0: Ball 1-0: Called Strike 1-1: Ball 2-1: Foul Ball, location: 2F 2-2: Strikes out looking
|
Top of the 4th over - 0 runs, 2 hits, 0 errors, 1 left on base; Cedar Rapids 1 - Clinton 1 |
BOTTOM OF THE 4TH |
Clinton Pilots batting - Pitching for Cedar Rapids Cardinals : RHP Craig Chamberlain
|
Batting: RHB Joseph Rietano
|
0-0: Ball 1-0: Ball 2-0: Ball 3-0: Swinging Strike 3-1: Fly out, F9 (Flyball, 9LM, EV 88.8 MPH)
|
Batting: RHB Alberto Reyes
|
0-0: SINGLE (Line Drive, 6D, EV 98.1 MPH)
|
Batting: RHB Barry Siebert
|
0-0: Ball 1-0: Ball 2-0: Ball 3-0: Called Strike 3-1: Base on Balls Alberto Reyes to second
|
Batting: LHB Epifano Martinez
|
0-0: Fly out, F4 (Popup, 4MD, EV 71.3 MPH)
|
Batting: RHB Donn Koch
|
0-0: Called Strike 0-1: Ball 1-1: Ground out 4-3 (Groundball, 13, EV 85.6 MPH)
|
Bottom of the 4th over - 0 runs, 1 hit, 0 errors, 2 left on base; Cedar Rapids 1 - Clinton 1 |
TOP OF THE 5TH |
Cedar Rapids Cardinals batting - Pitching for Clinton Pilots : LHP Bob Patterson
|
Batting: SHB Duane Johnson
|
0-0: Foul Ball, location: 2F 0-1: Ball 1-1: Ground out 6-3 (Groundball, 6, EV 87.5 MPH)
|
Batting: RHB Reggie D Williams
|
0-0: Ball 1-0: Ball 2-0: Ball 3-0: Called Strike 3-1: Fly out, F3 (Line Drive, 3, EV 66.3 MPH)
|
Batting: SHB Bryan Hoppie
|
0-0: Called Strike 0-1: Ground out U3 (Groundball, 34, EV 85.0 MPH)
|
Top of the 5th over - 0 runs, 0 hits, 0 errors, 0 left on base; Cedar Rapids 1 - Clinton 1 |
BOTTOM OF THE 5TH |
Clinton Pilots batting - Pitching for Cedar Rapids Cardinals : RHP Craig Chamberlain
|
Batting: RHB Danny Chairez
|
0-0: Ball 1-0: Fly out, F8 (Flyball, 8RM, EV 90.6 MPH)
|
Batting: RHB Tom Riley
|
0-0: Called Strike 0-1: Foul Ball, location: 2F 0-2: Ball 1-2: Fly out, F7 (Flyball, 7S, EV 83.8 MPH)
|
Batting: SHB Alan Regier
|
0-0: Ball 1-0: Foul Ball, location: 2F 1-1: Foul Ball, location: 2F 1-2: Ball 2-2: Ball 3-2: SINGLE (Flyball, 5D, EV 91.3 MPH)
|
Batting: RHB Abe Rael
|
0-0: Ball 1-0: Foul Ball, location: 2F 1-1: Called Strike 1-2: Ball Wild Pitch! Alan Regier to second 2-2: Ball 3-2: Base on Balls
|
Batting: RHB Joseph Rietano
|
0-0: Ball 1-0: SINGLE (Line Drive, 7S, EV 86.3 MPH) Alan Regier to third Abe Rael to second Runner from 3rd tries for Home, SAFE, throw by LF to home
|
Batting: RHB Alberto Reyes
|
0-0: Ball 1-0: Foul Ball, location: 2F 1-1: Ball 2-1: Swinging Strike 2-2: Foul Ball, location: 2F 2-2: Foul Ball, location: 2F 2-2: Foul Ball, location: 2F 2-2: Fly out, F7 (Flyball, 7D, EV 91.9 MPH)
|
Bottom of the 5th over - 1 run, 2 hits, 0 errors, 2 left on base; Cedar Rapids 1 - Clinton 2 |
TOP OF THE 6TH |
Cedar Rapids Cardinals batting - Pitching for Clinton Pilots : LHP Bob Patterson
|
Batting: RHB Nehames Bernstine
|
0-0: Ball 1-0: Foul Ball, location: 2F 1-1: Swinging Strike 1-2: Strikes out swinging
|
Batting: RHB Ronald Grout
|
0-0: Called Strike 0-1: SOLO HOME RUN (Flyball, 7D, EV 105.6 MPH), Distance : 381 ft
|
Batting: SHB Steve McAllister
|
0-0: Called Strike 0-1: Swinging Strike 0-2: Ball 1-2: Foul Ball, location: 2F 1-2: Foul Ball, location: 2F 1-2: Ball 2-2: Ground out 4-3 (Groundball, 4, EV 96.3 MPH)
|
Batting: RHB Dean Kornacker
|
0-0: Ball 1-0: Fly out, F9 (Flyball, 89M, EV 85.0 MPH)
|
Top of the 6th over - 1 run, 1 hit, 0 errors, 0 left on base; Cedar Rapids 2 - Clinton 2 |
BOTTOM OF THE 6TH |
Clinton Pilots batting - Pitching for Cedar Rapids Cardinals : RHP Craig Chamberlain
|
Batting: RHB Barry Siebert
|
0-0: Fly out, F7 (Flyball, 7S, EV 81.3 MPH)
|
Batting: LHB Epifano Martinez
|
0-0: SINGLE (Line Drive, 3D, EV 108.1 MPH)
|
Batting: RHB Donn Koch
|
0-0: Ball 1-0: Ball 2-0: Ball 3-0: Base on Balls Epifano Martinez to second
|
Batting: RHB Danny Chairez
|
0-0: Ball 1-0: Swinging Strike 1-1: Foul Ball, location: 2F 1-2: Strikes out swinging
|
Batting: RHB Tom Riley
|
0-0: Ball 1-0: SINGLE (Line Drive, 9LS, EV 98.8 MPH) Epifano Martinez to third Donn Koch to second Runner from 3rd tries for Home, SAFE, throw by RF to home
|
Batting: SHB Alan Regier
|
0-0: Ball 1-0: Ball 2-0: Foul Ball, location: 2F 2-1: Ball 3-1: Foul Ball, location: 2F 3-2: Foul Ball, location: 2F 3-2: Fly out, F8 (Flyball, 8RD, EV 91.9 MPH)
|
Bottom of the 6th over - 1 run, 2 hits, 0 errors, 2 left on base; Cedar Rapids 2 - Clinton 3 |
TOP OF THE 7TH |
Cedar Rapids Cardinals batting - Pitching for Clinton Pilots : LHP Bob Patterson
|
Batting: LHB Robert O'Leath
|
0-0: Ball 1-0: Fly out, F7 (Flyball, 7D, EV 91.9 MPH)
|
Batting: RHB Paul Bard
|
0-0: Called Strike 0-1: Ball 1-1: Ball 2-1: Ground out 4-3 (Groundball, 4M, EV 111.3 MPH)
|
Batting: SHB Duane Johnson
|
0-0: Ball 1-0: Ground out 6-3 (Groundball, 4M, EV 104.4 MPH)
|
Top of the 7th over - 0 runs, 0 hits, 0 errors, 0 left on base; Cedar Rapids 2 - Clinton 3 |
BOTTOM OF THE 7TH |
Clinton Pilots batting - Pitching for Cedar Rapids Cardinals : RHP Craig Chamberlain
|
Batting: RHB Abe Rael
|
0-0: Foul Ball, location: 2F 0-1: Ball 1-1: Ball 2-1: Swinging Strike 2-2: Ball 3-2: Ground out 6-3 (Groundball, 6, EV 78.1 MPH)
|
Batting: RHB Joseph Rietano
|
0-0: Ball 1-0: Ball 2-0: Called Strike 2-1: Swinging Strike 2-2: Fly out, F8 (Flyball, 8RXD, EV 98.8 MPH)
|
Batting: RHB Alberto Reyes
|
0-0: Called Strike 0-1: Swinging Strike 0-2: Reached on error, E6 (Groundball, 6, EV 85.6 MPH)
|
Batting: RHB Barry Siebert
|
0-0: Fielders Choice at 2nd, 6-4 (Groundball, 56, EV 85.0 MPH)
|
Bottom of the 7th over - 0 runs, 0 hits, 1 error, 1 left on base; Cedar Rapids 2 - Clinton 3 |
TOP OF THE 8TH |
Cedar Rapids Cardinals batting - Pitching for Clinton Pilots : LHP Bob Patterson
|
Batting: RHB Reggie D Williams
|
0-0: Foul Ball, location: 2F 0-1: Called Strike 0-2: Fly out, F9 (Flyball, 9, EV 83.1 MPH)
|
Batting: SHB Bryan Hoppie
|
0-0: Ball 1-0: Called Strike 1-1: Ball 2-1: Foul Ball, location: 2F 2-2: Ball 3-2: Fly out, F8 (Flyball, 8LD, EV 91.3 MPH)
|
Batting: RHB Nehames Bernstine
|
0-0: Ball 1-0: Called Strike 1-1: Foul Ball, location: 2F 1-2: Foul Ball, location: 2F 1-2: Strikes out swinging
|
Top of the 8th over - 0 runs, 0 hits, 0 errors, 0 left on base; Cedar Rapids 2 - Clinton 3 |
BOTTOM OF THE 8TH |
Clinton Pilots batting - Pitching for Cedar Rapids Cardinals : RHP Craig Chamberlain
|
Batting: LHB Epifano Martinez
|
0-0: Called Strike 0-1: Foul Ball, location: 2F 0-2: Fly out, F8 (Flyball, 8RM, EV 93.1 MPH)
|
Batting: RHB Donn Koch
|
0-0: Ground out 4-3 (Groundball, 4, EV 78.1 MPH)
|
Batting: RHB Danny Chairez
|
0-0: DOUBLE (Line Drive, 9LD, EV 106.9 MPH)
|
Batting: RHB Tom Riley
|
0-0: Foul Ball, location: 2F 0-1: Ground out 4-3 (Groundball, 13, EV 76.9 MPH)
|
Bottom of the 8th over - 0 runs, 1 hit, 0 errors, 1 left on base; Cedar Rapids 2 - Clinton 3 |
TOP OF THE 9TH |
Cedar Rapids Cardinals batting - Pitching for Clinton Pilots : LHP Bob Patterson
|
Pitching: RHP Greg Mize
|
|
Batting: RHB Ronald Grout
|
0-0: Ground out 5-3 (Groundball, 5L, EV 77.5 MPH)
|
Batting: SHB Steve McAllister
|
0-0: Called Strike 0-1: Called Strike 0-2: Ball 1-2: Foul Ball, location: 2F 1-2: Strikes out swinging
|
Pinch Hitting: LHB Kyle Sanford
|
0-0: Ball 1-0: Fly out, F6 (Popup, 6MS, EV 73.8 MPH)
|
Top of the 9th over - 0 runs, 0 hits, 0 errors, 0 left on base; Cedar Rapids 2 - Clinton 3 |
|